 Dungeon Crawl Stone Soup version 0.31-a0-236-g9a0961fb85 (webtiles) character file.

Game seed: 2950466504916118336

6 qw the Shooter (level 1, -1/16 HPs)
             Began as a Minotaur Hexslinger on July 10, 2023.
             Succumbed to a kobold's poison
             ... on level 1 of the Dungeon.
             The game lasted 00:00:04 (345 turns).

qw the Shooter (Minotaur Hexslinger)                 Turns: 345, Time: 00:00:05

Health: -1/16      AC:  2    Str: 12    XL:     1   Next: 75%
Magic:  1/1        EV: 12    Int: 10    God:
Gold:   71         SH:  0    Dex: 12    Spells: 1/2 levels left

rFire   . . .        a - +1 sling
rCold   . . .        (no shield)
rNeg    . . .        c - +0 robe
rPois   .            (helmet restricted)
rElec   .            (no cloak)
rCorr   .            (no gloves)
SInv    .            (no boots)
Will    .....        (no amulet)
Stlth   +            (no ring)
HPRegen 0.22/turn    (no ring)
MPRegen 0.07/turn

%: no passive effects
@: lethally poisoned (-1 -> -9)
A: horns 2, retaliatory headbutt
a: no special abilities


You were on level 1 of the Dungeon.
You visited 1 branch of the dungeon, and saw 1 of its levels.

You collected 71 gold pieces.


Innate Abilities, Weirdness & Mutations

You have a pair of horns on your head.
You reflexively headbutt those who attack you in melee.


   Skills:
 - Level 1.2 Fighting
 + Level 2.9 Ranged Weapons
 - Level 2.1 Dodging
 - Level 1.0 Spellcasting
 - Level 2.0 Hexes


You had one spell level left.
You knew the following spells:

 Your Spells              Type           Power      Damage    Failure   Level
a - Slow                  Hex            16%        N/A       16%         1

Your spell library contained the following spells:

 Spells                   Type           Power      Damage    Failure   Level
 Inner Flame              Hex/Fire       2%         N/A       56%         3
 Portal Projectile        Hex/Tloc       4%         N/A       56%         3
 Cause Fear               Hex            2%         N/A       83%         4

Inventory:

Hand Weapons
 a - a +1 sling (weapon)
Armour
 c - a +0 robe (worn)
Jewellery
 d - a ring of magical power
 e - a +6 ring of strength
Scrolls
 b - a scroll of poison
Potions
 f - 2 potions of heal wounds {unknown}

Dungeon Overview and Level Annotations

Branches:
Dungeon (1/15)

Altars:


Message History

Enter note: A rat comes into view.
You see here 7 gold pieces.
Enter note:
Enter note: You shoot a sling bullet.
The sling bullet hits the rat.
You kill the rat!
You now have 48 gold pieces (gained 7).
You now have 63 gold pieces (gained 15).
f - 2 puce potions
Enter note:
Enter note: You now have 71 gold pieces (gained 8).
A kobold comes into view. It is wielding a +0 dagger of venom.
The kobold shouts!
Enter note:
Enter note: You shoot a sling bullet.
The sling bullet misses the kobold.
You shoot a sling bullet.
The sling bullet barely misses the kobold.
You shoot a sling bullet. The sling bullet misses the kobold.
The kobold hits you with a +0 dagger of venom.
You are poisoned.
The kobold barely misses you.
You shoot a sling bullet.
The sling bullet closely misses the kobold.
You feel very sick. The kobold misses you.
You shoot a sling bullet.
The sling bullet barely misses the kobold.
You feel very sick. The kobold hits you but does no damage.
You are lethally poisoned!
You shoot a sling bullet. The sling bullet hits the kobold.
You kill the kobold!
You feel very sick.
There is a lethal amount of poison in your body!
You feel sick.
There is a lethal amount of poison in your body!
You die...

... .~~ ~~ ##
~. .. .###
.## ..#...
#)#.# #@..#
#.### #.# #.#
#.# #.# ..
#.#### ....
#....# ...
####.######.#


There were no monsters in sight!

Vanquished Creatures
  A giant cockroach (D:1)
  A goblin (D:1)
  2 kobolds (D:1)
  2 rats (D:1)
6 creatures vanquished.

Notes
Turn   | Place    | Note
-------+----------+-------------------------------------------
     0 | D:1      | qw the Minotaur Hexslinger began the quest for the Orb.
     0 | D:1      | Reached XP level 1. HP: 16/16 MP: 1/1
     0 | D:1      | 0 ||| qw: Version: 0.3-a-52-g30416fa
     0 | D:1      | 0 ||| qw: Game counter: 4625
     0 | D:1      | 0 ||| qw: Melee chars always use a shield: true
     0 | D:1      | 0 ||| qw: God list: Okawaru
     0 | D:1      | 0 ||| qw: Allow faded altars: false
     0 | D:1      | 0 ||| qw: Do Orc after clearing Dungeon:15 true
     0 | D:1      | 0 ||| qw: Do second Lair branch before Depths: true
     0 | D:1      | 0 ||| qw: Lair rune preference: random
     0 | D:1      | 0 ||| qw: Goals: Normal
     0 | D:1      | 0 ||| PLANNING D:1-11
   343 | D:1      | HP: 3/16 [poisoned by a kobold]
   344 | D:1      | HP: 1/16 [poisoned by a kobold]
   345 | D:1      | Succumbed to a kobold's poison

Levels and vault maps discovered:
D:1:      tekkud_arrival_beachfront_property, layout_loops_cross,
          corner_web_ring, chequers_serial_rivers_large_b, kennysheep_boxes

Action                     || total
---------------------------++-------
   Fire: Sling             ||    17
 Armour: Robe              ||     1
  Dodge: Dodged            ||     3

Table legend:
 A = Non-vault XP
 B = Vault XP
 C = Vault XP percentage of total XP
 D = Non-vault monster count
 E = Vault monster count
 F = Vault count percentage of total count
                 A         B        C        D         E       F
            +---------+---------+-------+---------+---------+-------
      Total |       9 |       0 |   0.0 |       6 |       0 |   0.0
            +---------+---------+-------+---------+---------+-------
        D:1 |       9 |       0 |   0.0 |       6 |       0 |   0.0
            +---------+---------+-------+---------+---------+-------
